 Dungeon Crawl Stone Soup version 0.21.0-22-g11d5b5247c (webtiles) character file.

2774 Rrauwl the Magician (level 9, 0/66 HPs)
             Began as a Gnoll Earth Elementalist on Jan 18, 2018.
             Was a Priest of Cheibriados.
             Slain by an orc warrior
             ... wielding a +0 halberd
              (26 damage)
             ... on level 8 of the Dungeon on Jan 19, 2018.
             The game lasted 00:29:54 (6435 turns).

Rrauwl the Magician (Gnoll Earth Elementalist)      Turns: 6435, Time: 00:29:54

Health: 0/66       AC:  9    Str: 16    XL:     9   Next: 70%
Magic:  18/19      EV: 14    Int: 26    God:    Cheibriados [***...]
Gold:   382        SH:  0    Dex: 23    Spells: 2/21 levels left

rFire    + . .     SeeInvis .   a - +4 flail (protect)
rCold    . . .     Gourm    .   (no shield)
rNeg     + . .     Faith    .   u - +2 scale mail {rF+}
rPois    .         Spirit   .   (no helmet)
rElec    .         Reflect  .   (no cloak)
rCorr    .         Harm     .   (no gloves)
MR       .....                  (no boots)
Stlth    ++........             (no amulet)
HPRegen  0.21/turn              k - -3 ring of strength (curse)
MPRegen  0.16/turn              w - ring of positive energy

@: very slow
A: distributed training, fangs 1, strong nose
a: Bend Time, Temporal Distortion, Renounce Religion


You were on level 8 of the Dungeon.
You worshipped Cheibriados.
Cheibriados was most pleased with you.
You were not hungry.

You visited 2 branches of the dungeon, and saw 9 of its levels.

You collected 382 gold pieces.

Inventory:

Hand Weapons
 a - a +4 flail of protection (weapon)
 c - a +1 quarterstaff
Missiles
 b - 126 stones (quivered)
 g - a throwing net
Armour
 u - a +2 scale mail of fire resistance (worn)
Jewellery
 k - a cursed -3 ring of strength (left hand)
 p - an uncursed amulet of faith
 w - a ring of positive energy (right hand)
Wands
 d - a wand of enslavement (7)
 o - a wand of flame (22)
Scrolls
 h - a scroll of remove curse
 i - 6 scrolls of identify
 j - a scroll of amnesia {unknown}
 t - 2 scrolls of enchant weapon
Potions
 l - 2 potions of flight
 m - 2 potions of brilliance
 q - a potion of curing
Books
 f - a book of Power

   Spells                             Type                      Level
   a - Iskenderun's Battlesphere      Conjuration/Charms           5
   b - Venom Bolt                     Conjuration/Poison           5
   c - Bolt of Magma                  Conjuration/Fire/Earth       5
   d - Iron Shot                      Conjuration/Earth            6
   e - Orb of Destruction             Conjuration                  7
   f - Spellforged Servitor           Conjuration/Summoning        7
 n - a book of Geomancy

   Spells                             Type                      Level
   a - Sandblast                      Earth                        1
   b - Passwall                       Transmutation/Earth          2
   c - Stone Arrow                    Conjuration/Earth            3
   d - Petrify                        Transmutation/Earth          4
   e - Lee's Rapid Deconstruction     Earth                        5
 r - a book of Cantrips

   Spells                             Type                      Level
   a - Confusing Touch                Hexes                        1
   b - Animate Skeleton               Necromancy                   1
   c - Summon Small Mammal            Summoning                    1
   d - Apportation                    Translocation                1
 s - a book of Minor Magic

   Spells                             Type                      Level
   a - Magic Dart                     Conjuration                  1
   b - Blink                          Translocation                2
   c - Call Imp                       Summoning                    2
   d - Slow                           Hexes                        2
   e - Conjure Flame                  Conjuration/Fire             3
   f - Mephitic Cloud                 Conjuration/Poison/Air       3
Comestibles
 e - 8 rations


   Skills:
 + Level 4.4 Fighting
 + Level 4.4 Short Blades
 + Level 4.4 Long Blades
 + Level 4.4 Axes
 + Level 4.4 Maces & Flails
 + Level 4.4 Polearms
 + Level 4.4 Staves
 + Level 4.4 Slings
 + Level 4.4 Bows
 + Level 4.4 Crossbows
 + Level 4.4 Throwing
 + Level 4.4 Armour
 + Level 6.4 Dodging
 + Level 6.1 Stealth
 + Level 4.4 Shields
 + Level 4.4 Unarmed Combat
 + Level 6.7 Spellcasting
 + Level 3.6 Conjurations
 + Level 3.6 Hexes
 + Level 3.6 Charms
 + Level 3.6 Summonings
 + Level 3.6 Necromancy
 + Level 3.6 Translocations
 + Level 4.3 Transmutations
 + Level 3.6 Fire Magic
 + Level 3.6 Ice Magic
 + Level 3.6 Air Magic
 + Level 6.6 Earth Magic
 + Level 3.6 Poison Magic
 + Level 4.9 Invocations
 + Level 4.4 Evocations


You had 2 spell levels left.
You knew the following spells:

 Your Spells              Type           Power        Failure   Level  Hunger
a - Sandblast             Erth           #####.       1%          1    None
b - Stone Arrow           Conj/Erth      #####.       8%          3    None
c - Passwall              Tmut/Erth      #####.....   3%          2    None
d - Apportation           Tloc           ####..       4%          1    None
e - Lee's Rapid Deconstr  Erth           #####.....   36%         5    #####..
f - Bolt of Magma         Conj/Fire/Erth ####......   65%         5    #####..
g - Blink                 Tloc           N/A          7%          2    None


Dungeon Overview and Level Annotations

Branches:
Dungeon (8/15)             Temple (1/1) D:4
   Lair: D:8-11

Altars:
Ashenzari
Cheibriados
Dithmenos
Elyvilon
Fedhas
Gozag
Hepliaklqana
Kikubaaqudgha
Makhleb
Nemelex Xobeh
Okawaru
Qazlal
Ru
Sif Muna
Trog
Uskayaw
Vehumet
Wu Jian
Xom
Yredelemnul
Zin
The Shining One
Beogh

Annotations:
D:3 1 runed door


Innate Abilities, Weirdness & Mutations

Your experience applies equally to all skills.
You have very sharp teeth.
Your uncanny sense of smell can sniff out nearby items.


Message History

An orc priest comes into view. It is wielding a dagger.
The orc priest shouts!
The bullfrog croaks.
You sock the orc!
Your weapon exudes an aura of protection.
You kill the orc!
Cheibriados appreciates the change of pace.
You hear an angry hiss.
The orc closely misses you.
The worker ant bites you but does no damage.
The orc priest casts a cantrip, but nothing happens.
The worker ant bites you but does no damage.
The orc hits you but does no damage.
The orc warrior hits you from afar with a halberd!
The orc misses you.
The orc warrior hits you from afar with a halberd!
The worker ant barely misses you.
Things that are here:
a hand axe; a leather armour The orc warrior hits you from afar with a halberd!!
You die...

### #<#
#######.#
#./..a@.#
#....o..#
#....Fo.o#
.....####.o#
...... .....
......
##.... .....
.##.# .....
.. ..


You could see an orc warrior, a bullfrog, a worker ant, an orc priest and 2
orcs.

Vanquished Creatures
  The ghost of rabbit the Magician, an amateur DEFE (D:6)
  A hungry ghost (D:7)
  4 orc warriors
  An ice beast (D:7)
  2 black bears
  3 ogres
  4 centaurs
  A necrophage (D:8)
  A bullfrog (D:6)
  2 scorpions
  A howler monkey (D:6)
  A centaur zombie (D:6)
  A crimson imp (D:5)
  2 hounds
  7 orc priests
  2 centaur skeletons (D:5)
  9 orc wizards
  An iguana (D:6)
  6 worker ants
  6 adders
  An ooze (D:4)
  An adder zombie (D:6)
  2 adder skeletons
  3 worms (D:2)
  5 leopard geckos
  23 orcs
  4 giant cockroaches
  2 goblins
  5 hobgoblins
  9 jackals
  A kobold (D:2)
  2 quokkas
  4 bats (D:2)
  6 frilled lizards
  A quokka zombie (D:5)
  2 rats (D:1)
127 creatures vanquished.

Notes
Turn   | Place    | Note
-------+----------+-------------------------------------------
     0 | D:1      | Rrauwl the Gnoll Earth Elementalist began the quest for the Orb.
     0 | D:1      | Reached XP level 1. HP: 13/13 MP: 6/6
   476 | D:2      | Reached XP level 2. HP: 19/19 MP: 7/7
   618 | D:2      | Reached XP level 3. HP: 14/25 MP: 9/9
   623 | D:2      | Learned a level 3 spell: Stone Arrow
   693 | D:2      | Reached skill level 5 in Spellcasting
   805 | D:2      | Reached skill level 1 in Invocations
   827 | D:2      | Reached skill level 1 in Fighting
   827 | D:2      | Reached skill level 1 in Short Blades
   827 | D:2      | Reached skill level 1 in Long Blades
   827 | D:2      | Reached skill level 1 in Axes
   827 | D:2      | Reached skill level 1 in Maces & Flails
   827 | D:2      | Reached skill level 1 in Polearms
   827 | D:2      | Reached skill level 1 in Staves
   827 | D:2      | Reached skill level 1 in Slings
   827 | D:2      | Reached skill level 1 in Bows
   827 | D:2      | Reached skill level 1 in Crossbows
   827 | D:2      | Reached skill level 1 in Throwing
   827 | D:2      | Reached skill level 1 in Armour
   827 | D:2      | Reached skill level 1 in Shields
   827 | D:2      | Reached skill level 1 in Unarmed Combat
   827 | D:2      | Reached skill level 1 in Evocations
   827 | D:2      | Reached XP level 4. HP: 32/32 MP: 7/11
  1264 | D:3      | Found a runed door.
  1264 | D:3      | Found a glowing golden altar of the Shining One.
  1264 | D:3      | Noticed an angel
  1443 | D:3      | Reached skill level 1 in Conjurations
  1443 | D:3      | Reached skill level 1 in Hexes
  1443 | D:3      | Reached skill level 1 in Charms
  1443 | D:3      | Reached skill level 1 in Summonings
  1443 | D:3      | Reached skill level 1 in Necromancy
  1443 | D:3      | Reached skill level 1 in Translocations
  1443 | D:3      | Reached skill level 1 in Fire Magic
  1443 | D:3      | Reached skill level 1 in Ice Magic
  1443 | D:3      | Reached skill level 1 in Air Magic
  1443 | D:3      | Reached skill level 1 in Poison Magic
  1448 | D:3      | Reached XP level 5. HP: 14/37 MP: 4/12
  2325 | D:4      | Learned a level 2 spell: Passwall
  2327 | D:4      | Learned a level 1 spell: Apportation
  2333 | D:4      | Learned a level 5 spell: Lee's Rapid Deconstruction
  2414 | D:4      | Found a staircase to the Ecumenical Temple.
  2423 | Temple   | Entered the Ecumenical Temple
  2587 | Temple   | Became a worshipper of Cheibriados the Contemplative
  2684 | D:4      | Noticed an ogre
  2692 | D:4      | Killed an ogre
  2692 | D:4      | Reached skill level 5 in Dodging
  2692 | D:4      | Reached XP level 6. HP: 40/44 MP: 3/14
  3039 | D:4      | Reached XP level 7. HP: 50/50 MP: 13/15
  3347 | D:5      | Entered Level 5 of the Dungeon
  3526 | D:5      | Reached * piety under Cheibriados
  3596 | D:5      | Reached skill level 5 in Stealth
  3613 | D:5      | Reached XP level 8. HP: 45/57 MP: 2/16
  4156 | D:6      | Learned a level 5 spell: Bolt of Magma
  4450 | D:6      | Reached ** piety under Cheibriados
  4490 | D:6      | Noticed rabbit's ghost (amateur DEFE)
  4520 | D:6      | Learned a level 2 spell: Blink
  4584 | D:6      | Killed rabbit's ghost
  4605 | D:6      | Found a radiant altar of Vehumet.
  4768 | D:6      | Reached XP level 9. HP: 62/65 MP: 15/18
  5061 | D:7      | Found a transporter.
  5102 | D:7      | Found a roughly hewn altar of Beogh.
  5115 | D:7      | Found a transporter.
  5350 | D:7      | Got an ichor-stained quarterstaff
  5351 | D:7      | Identified the +1 quarterstaff "Wuqauz" {crush, Int+3 Stlth+} (You found it on level 7 of the Dungeon)
  5789 | D:7      | Reached *** piety under Cheibriados
  5911 | D:7      | Found a hide-covered altar of Uskayaw.
  6435 | D:8      | Slain by an orc warrior

Skill      XL: |  1  2  3  4  5  6  7  8  9 |
---------------+----------------------------+-----
Transmutations | 2 3 4 |  4.3
Spellcasting   | 5 6 |  6.7
Invocations    | 1 2 3 4 |  4.9
Fighting       | 1 2 3 4 |  4.4
Short Blades   | 1 2 3 4 |  4.4
Long Blades    | 1 2 3 4 |  4.4
Axes           | 1 2 3 4 |  4.4
Maces & Flails | 1 2 3 4 |  4.4
Polearms       | 1 2 3 4 |  4.4
Staves         | 1 2 3 4 |  4.4
Slings         | 1 2 3 4 |  4.4
Bows           | 1 2 3 4 |  4.4
Crossbows      | 1 2 3 4 |  4.4
Throwing       | 1 2 3 4 |  4.4
Armour         | 1 2 3 4 |  4.4
Shields        | 1 2 3 4 |  4.4
Unarmed Combat | 1 2 3 4 |  4.4
Evocations     | 1 2 3 4 |  4.4
Conjurations   | 1 2 3 |  3.6
Hexes          | 1 2 3 |  3.6
Charms         | 1 2 3 |  3.6
Summonings     | 1 2 3 |  3.6
Necromancy     | 1 2 3 |  3.6
Translocations | 1 2 3 |  3.6
Fire Magic     | 1 2 3 |  3.6
Ice Magic      | 1 2 3 |  3.6
Air Magic      | 1 2 3 |  3.6
Poison Magic   | 1 2 3 |  3.6
Dodging        | 5 6 |  6.4
Stealth        | 5 6 |  6.1
Earth Magic    | 6 |  6.6

Action                   |  1- 3 |  4- 6 |  7- 9 || total
-------------------------+-------+-------+-------++-------
Melee: Mace              |    16 |       |       ||    16
       Quarterstaff      |    19 |    18 |       ||    37
       Bite              |     3 |     6 |     9 ||    18
       Flail             |       |    74 |    99 ||   173
       Punch             |       |       |     3 ||     3
 Cast: Sandblast         |    18 |    34 |    79 ||   131
       Stone Arrow       |       |     1 |     6 ||     7
       Bolt of Magma     |       |       |     2 ||     2
       Blink             |       |       |     1 ||     1
       Lee's Rapid Decon |       |       |     1 ||     1
Evoke: Wand              |       |       |     8 ||     8
  Use: Scroll            |     3 |     3 |     1 ||     7
       Potion            |     1 |     8 |     2 ||    11
 Stab: Sleeping          |     2 |     5 |     7 ||    14
  Eat: Chunk             |       |     7 |     4 ||    11
       Ration            |       |       |     1 ||     1
Armor: Robe              |    15 |    30 |    20 ||    65
       Scale mail        |       |       |    21 ||    21
Dodge: Dodged            |    44 |    63 |   146 ||   253
